 Dungeon Crawl Stone Soup version 0.29-a0-870-g2c972031a6 (webtiles) character file.

Game seed: 10027832230087980005

57505 Zonian the Warmonger (level 14, -10/98 HPs)
             Began as a Demonspawn Ice Elementalist on July 17, 2022.
             Was a High Priest of Okawaru.
             Mangled by a dire elephant simulacrum (18 damage)
             ... in an ice cave.
             The game lasted 01:45:22 (27214 turns).

Zonian the Warmonger (Demonspawn Ice Elementalist) Turns: 27214, Time: 01:45:34

Health: -10/98     AC: 12    Str:  8    XL:     14   Next: 46%
Magic:  35/35      EV: 21    Int: 26    God:    Okawaru [*****.]
Gold:   861        SH:  9    Dex: 25    Spells: 10/26 levels left

rFire   . . .      SeeInvis .   G - +4 scimitar (flame)
rCold   + . .      Faith    .   X - +1 buckler {AC+3}
rNeg    . . .      Spirit   .   B - +3 robe "Osi Bach" {Rampage rF+ Regen+}
rPois   .          Reflect  .   N - +3 hat of Pondering {ponderous, Will+ MP+10 Int+5}
rElec   .          Harm     .   H - +0 cloak
rCorr   .          Rampage  +   (no gloves)
Will    ++...                   (boots unavailable)
Stlth   +++++.....              W - amulet of magic regeneration
HPRegen 1.06/turn               J - +6 ring of dexterity
MPRegen 0.64/turn               A - ring of ice

@: heroic, slow
A: hooves 3, (demonic guardian 3), big brain 2, demonic magic 2
a: Renounce Religion, Heroism, Finesse, Duel


You were in an ice cave.
You worshipped Okawaru.
Okawaru was extremely pleased with you.
You visited 2 branches of the dungeon, and saw 17 of its levels.
You also visited: Ice Cave.

You collected 1669 gold pieces.
You spent 808 gold pieces at shops.

Inventory:

Hand Weapons
 m - a +4 rapier of electrocution
 s - the +4 spear of Ythujac {antimagic, rPois rN+}
   (Okawaru gifted it to you on level 4 of the Lair of Beasts)

   It reduces the magical energy of the wielder, and disrupts the spells and
   magical abilities of those it strikes.
   Natural abilities and divine invocations are not affected.
   rPois:     It protects you from poison.
   rN:        It protects you from negative energy.
 C - a +5 rapier of venom
 D - the +7 trident of Contention {spect, rN+}
   (You found it on level 6 of the Dungeon)

   When its wielder attacks, the weapon's spirit leaps out and strikes again.
   The spirit shares a part of any damage it takes with its wielder.
   rN:        It protects you from negative energy.
 E - a +2 rapier of venom
 G - a +4 scimitar of flaming (weapon)
 T - a +3 vampiric rapier
Missiles
 h - 3 boomerangs of dispersal
 j - 47 poisoned darts
 P - 11 boomerangs
Armour
 i - a scarf of invisibility
 o - an orb of light
 B - the +3 robe "Osi Bach" (worn) {Rampage rF+ Regen+}
   (You found it on level 6 of the Dungeon)

   rF:        It protects you from fire.
   Regen:     It increases your rate of health regeneration.
   Rampage:   It bestows one free step when moving towards enemies.
 F - a +2 helmet
 H - a +0 cloak (worn)
 N - the +3 hat of Pondering (worn) {ponderous, Will+ MP+10 Int+5}
   (You took it off Gastronok on level 8 of the Dungeon)

   Int:       It affects your intelligence (+5).
   MP:        It affects your magic capacity (+10).
   Will:      It increases your willpower.
 X - a +1 buckler of protection (worn)
Magical Staves
 M - a staff of death
Jewellery
 y - a +4 ring of protection
 A - a ring of ice (right hand)
 J - a +6 ring of dexterity (left hand)
 W - an amulet of magic regeneration (around neck)
 Y - a ring of protection from fire
Wands
 g - a wand of mindburst (18)
 q - a wand of flame (50)
 r - a wand of quicksilver (18)
 w - a wand of charming (7)
Scrolls
 c - a scroll of blinking
 I - a scroll of fog
 K - 3 scrolls of teleportation
 O - a scroll of magic mapping
 R - a scroll of fear
 U - a scroll of poison
 V - a scroll of amnesia
Potions
 a - a potion of ambrosia
 b - a potion of magic
 d - 7 potions of lignification
 e - 2 potions of cancellation
 f - 8 potions of curing
 k - a potion of attraction
 l - 8 potions of flight
 n - 2 potions of brilliance
 p - 7 potions of might
 t - 3 potions of haste
 v - 5 potions of mutation
 x - 2 potions of invisibility
 z - 3 potions of resistance
 Q - 6 potions of heal wounds
Miscellaneous
 u - a condenser vane
 S - a lightning rod (4/4)


   Skills:
 - Level 5.0(10.0) Fighting
 - Level 13.5(18.5) Short Blades
 + Level 2.1(7.1) Armour
 - Level 5.0(10.0) Dodging
 - Level 5.0(10.0) Stealth
 - Level 4.0(9.0) Shields
 + Level 6.8 Spellcasting
 + Level 2.1 Conjurations
 + Level 8.3 Translocations
 - Level 8.0 Ice Magic
 - Level 15.0 Invocations
 - Level 5.0 Evocations


You had 10 spell levels left.
You knew the following spells:

 Your Spells              Type           Power      Damage    Failure   Level
a - Freeze                Ice            100%       1d11      1%          1
b - Frozen Ramparts       Ice            100%       1d12      1%          3
c - Ozocubu's Armour      Ice            66%        N/A       1%          3
d - Blink                 Tloc           100%       N/A       1%          2
e - Lesser Beckoning      Tloc           51%        N/A       1%          3
f - Hailstorm             Conj/Ice       51%        3d11      10%         4

Your spell library contained the following spells:

 Spells                   Type           Power      Damage    Failure   Level
 Apportation              Tloc           100%       N/A       1%          1
 Magic Dart               Conj           76%        1d6       3%          1
 Shock                    Conj/Air       56%        1d6       4%          1
 Searing Ray              Conj           38%        2d5       4%          2
 Manifold Assault         Tloc           51%        N/A       7%          5
 Poisonous Vapours        Pois/Air       16%        N/A       12%         2
 Sublimation of Blood     Necr           8%         N/A       12%         2
 Wereblood                Tmut           8%         N/A       12%         2
 Conjure Flame            Conj/Fire      14%        6-21      16%         3
 Ignite Poison            Fire/Tmut/Pois 8%         N/A       24%         3
 Swiftness                Air            8%         N/A       24%         3
 Fulminant Prism          Conj/Hex       7%         3d7       45%         4
 Sticky Flame             Conj/Fire      14%        2d4       45%         4
 Airstrike                Air            4%         0-3+      61%         4
 Corpse Rot               Necr/Pois/Air  8%         N/A       61%         4
 Iskenderun's Battlesphe  Conj           19%        2d7       67%         5
 Alistair's Intoxication  Tmut/Pois      5%         N/A       91%         5
 Iron Shot                Conj/Erth      7%         9d2       100%        6
 Statue Form              Tmut/Erth      5%         N/A       100%        6
 Storm Form               Tmut/Air       4%         N/A       100%        7
 Maxwell's Capacitive Co  Air            4%         āˆž       100%        8
 Summon Lightning Spire   Summ/Air       Unusable   N/A       N/A         4
 Spellforged Servitor     Conj/Summ      Unusable   N/A       N/A         7
 Summon Hydra             Summ           Unusable   N/A       N/A         7

Dungeon Overview and Level Annotations

Branches:
Dungeon (12/15)            Temple (0/1) D:7            Lair (5/5) D:11
 Shoals (0/4) Lair:3        Snake (0/4) Lair:3        Slime (0/5) Lair:5
    Orc (0/2) D:10          IceCv (1/1)

Altars:
Ashenzari
Cheibriados
Kikubaaqudgha
Okawaru
Trog
Wu Jian
Xom
Jiyva
Lugonu

Shops:
D:4 *:   D:7 [   D:11 *

Portals:
Abyss: Lair:3 Lair:5

Annotations:
D:3 4 runed translucent doors, Bediveer's ghost, amateur GnWn; Crazy Yiuf


Innate Abilities, Weirdness & Mutations

You have hooves in place of feet.
((A powerful demonic guardian rushes to your aid.))
You have an extremely huge brain. (Int +4)
Spells you cast may paralyse nearby enemies.


Message History

You kill the ice devil!
Okawaru accepts your kill.
A dire elephant simulacrum comes into view.
You open the door.
A harpy simulacrum comes into view.
The dire elephant simulacrum tramples you!!
You stumble backwards!
You slash the dire elephant simulacrum!
You melt the dire elephant simulacrum!
You kick the dire elephant simulacrum.
The dire elephant simulacrum is heavily damaged.
You block the harpy simulacrum's attack.
The harpy simulacrum closely misses you.
You block the dire elephant simulacrum's attack.
The dire elephant simulacrum completely misses you.
You slash the harpy simulacrum!
You melt the harpy simulacrum.
You kick the harpy simulacrum.
The harpy simulacrum is almost destroyed.
A harpy simulacrum comes into view.
The harpy simulacrum barely misses you. x2
You hit the harpy simulacrum.
You melt the harpy simulacrum.
The harpy simulacrum vaporises!
Okawaru accepts your kill.
The dire elephant simulacrum tramples you but does no damage.
The dire elephant simulacrum trunk-slaps you.
The dire elephant simulacrum freezes you!!
You resist.
You hit the dire elephant simulacrum but do no damage.
You kick the dire elephant simulacrum.
The dire elephant simulacrum is heavily damaged.
The harpy simulacrum claws you. The harpy simulacrum freezes you. You resist.
The harpy simulacrum completely misses you. x2
The harpy simulacrum claws you. The harpy simulacrum freezes you! You resist.
The dire elephant simulacrum tramples you!!
* * * LOW HITPOINT WARNING * * *
You hold your ground!
The dire elephant simulacrum trunk-slaps you.
* * * LOW HITPOINT WARNING * * *
The dire elephant simulacrum freezes you!!
You resist.
You die...

'.......'
#.8...8.#
+.......+
###.8...8.###
...........
#.8...8.#
+......Z+
###.8...8@###
#.'......Zā—‹.#
###'#...#'###
#.#...#.#
###...### #...#
## #...# ## #āŒ
?##'##[āŒ #
###.4#...#4.###


You could see a dire elephant simulacrum and a harpy simulacrum.

Vanquished Creatures
  Jorgrun (D:12)
  Gastronok (D:8)
  Nessos (Lair:4)
  Josephine (Lair:4)
  A boulder beetle (D:11)
  7 hydras
  2 centaur warriors (D:8)
  Erica (D:9)
  3 two-headed ogres
  A catoblepas (Lair:3)
  A two-headed ogre (shapeshifter) (Lair:5)
  2 thrashing horrors (Lair:5)
  A goliath frog (shapeshifter) (D:8)
  Pikel (D:7)
  7 ugly things
  2 manticores
  An orc knight (D:10)
  10 elephants
  2 cyclopes
  A molten gargoyle (Lair:5)
  2 ice statues (IceCv)
  2 black mambas
  3 gargoyles
  A guardian serpent (Lair:3)
  2 smoke demons (Lair:5)
  2 rime drakes (Lair:4)
  10 cane toads
  An efreet (D:8)
  8 komodo dragons
  Psyche (D:8)
  3 ice devils (IceCv)
  A kobold demonologist (D:11)
  4 trolls
  An ancient zyme (Lair:5)
  An entropy weaver simulacrum (IceCv)
  A polar bear (Lair:4)
  23 blink frogs
  Prince Ribbit (D:8)
  A hornet (D:9)
  10 dream sheep
  A slime creature (Lair:5)
  2 shadows
  Sigmund (D:6)
  5 wraiths
  A vampire (D:9)
  A spriggan (Lair:5)
  7 wyverns
  22 yaks
  A dire elephant simulacrum (IceCv)
  A ynoxinul (Lair:5)
  3 chaos spawn (Lair:5)
  3 vampire mosquitoes
  3 wargs (D:10)
  6 basilisks
  Menkaure (D:5)
  A harpy simulacrum (IceCv)
  An acid dragon (D:11)
  13 water moccasins
  3 ice beasts
  4 orc warriors
  2 black bears
  19 wolves
  3 centaurs
  2 kobold brigands
  11 bullfrogs
  2 gnoll sergeants
  4 necrophages
  13 small abominations (Lair:5)
  A scorpion (D:6)
  5 wights (D:8)
  An elephant simulacrum (IceCv)
  6 killer bees
  4 howler monkeys
  3 electric eels
  A crimson imp (D:4)
  A hound (D:6)
  6 jellies
  3 orc priests
  2 gnoll boudas
  3 iguanas
  Ijyb (D:5)
  7 orc wizards
  A polar bear simulacrum (IceCv)
  A wolf simulacrum (IceCv)
  14 gnolls
  7 adders
  A naga simulacrum (IceCv)
  3 shadow imps
  An ufetubus (IceCv)
  A worm (D:2)
  4 dart slugs
  34 orcs
  4 endoplasms
  4 giant cockroaches
  8 goblins
  9 hobgoblins
  7 jackals
  3 quokkas
  5 ball pythons
  6 bats
  2 frilled lizards
  2 goblin zombies (D:4)
  3 hobgoblin zombies (D:4)
  10 kobolds
  A kobold zombie (D:4)
  An orc skeleton (D:4)
  4 rats
441 creatures vanquished.

Vanquished Creatures (others)
  28 fungi
  A lurking horror (Lair:3)
  56 plants
85 creatures vanquished.

Grand Total: 526 creatures vanquished

Notes
Turn   | Place    | Note
-------+----------+-------------------------------------------
     0 | D:1      | Zonian the Demonspawn Ice Elementalist began the quest for
                  | the Orb.
     0 | D:1      | Reached XP level 1. HP: 13/13 MP: 3/3
   389 | D:1      | Gained mutation: You have large cloven feet. [demonic
                  | ancestry]
   389 | D:1      | Reached XP level 2. HP: 19/19 MP: 3/5
  1511 | D:2      | Gained mutation: You have hoof-like feet. [demonic
                  | ancestry]
  1511 | D:2      | Reached XP level 3. HP: 24/24 MP: 3/6
  1724 | D:2      | You fall into a shaft and drop 2 floors!
  1892 | D:3      | Learned a level 3 spell: Frozen Ramparts
  1898 | D:3      | Identified a scroll of acquirement
  1898 | D:3      | Acquired the +2 pair of boots "Bipniq" {rC+ Will+ Int+4
                  | Stlth+}
  1966 | D:3      | Found a runed translucent gate.
  1975 | D:3      | Found a runed translucent gate.
  1975 | D:3      | Found a runed translucent gate.
  2023 | D:3      | Found an iron altar of Okawaru.
  2137 | D:3      | Gained mutation: Spells you cast may paralyse adjacent
                  | enemies. [demonic ancestry]
  2137 | D:3      | Reached XP level 4. HP: 30/30 MP: 3/7
  3382 | D:2      | Reached skill level 5 in Ice Magic
  3758 | D:3      | Learned a level 3 spell: Ozocubu's Armour
  4115 | D:3      | Identified the +2 chain mail of Cigip {rPois Str+7 SInv
                  | Stlth+}
  4115 | D:3      | Noticed Bediveer's ghost (amateur GnWn)
  4215 | D:3      | Gained mutation: A weak demonic guardian rushes to your
                  | aid. [demonic ancestry]
  4215 | D:3      | Reached XP level 5. HP: 35/35 MP: 5/8
  4406 | D:3      | Found a runed translucent door.
  4407 | D:3      | Noticed Crazy Yiuf
  4743 | D:3      | Became a worshipper of Warmaster Okawaru
  4975 | D:4      | Found a shimmering altar of Xom.
  4976 | D:4      | Found a shimmering altar of Xom.
  4978 | D:4      | Found a shimmering altar of Xom.
  5990 | D:4      | Found Lausol's Book Shoppe.
  6003 | D:4      | Found Ladghy's Gadget Gallery.
  6033 | D:4      | Reached XP level 6. HP: 28/41 MP: 6/9
  6377 | D:4      | Found a snail-covered altar of Cheibriados.
  6506 | D:5      | Entered Level 5 of the Dungeon
  6510 | D:5      | Noticed Ijyb
  6516 | D:5      | Killed Ijyb
  7099 | D:5      | Noticed Menkaure
  7102 | D:5      | Killed Menkaure
  7102 | D:5      | Reached * piety under Okawaru
  7374 | D:5      | Reached XP level 7. HP: 46/46 MP: 7/10
  7750 | D:6      | Reached skill level 1 in Invocations
  7940 | D:6      | Found a broken altar of Ashenzari.
  7967 | D:6      | Found a bloodstained altar of Trog.
  7977 | D:6      | Identified the +7 trident of Contention {spect, rN+}
  7999 | D:6      | Noticed Sigmund
  8023 | D:6      | Acquired a +4 rapier of venom
  8056 | D:6      | Reached skill level 1 in Short Blades
  8411 | D:6      | Noticed a manticore
  8534 | D:6      | Reached skill level 2 in Invocations
  8540 | D:6      | Killed a manticore
  8541 | D:6      | Reached skill level 5 in Invocations
  8541 | D:6      | Gained mutation: You have hooves in place of feet. [demonic
                  | ancestry]
  8541 | D:6      | Reached XP level 8. HP: 42/52 MP: 5/11
  8598 | D:6      | Identified the +3 robe "Osi Bach" {Rampage rF+ Regen+}
  9338 | D:6      | Reached skill level 5 in Short Blades
  9622 | D:6      | Reached ** piety under Okawaru
  9797 | D:6      | Killed Sigmund
  9859 | D:7      | Gained mutation: Spells you cast may paralyse nearby
                  | enemies. [demonic ancestry]
  9859 | D:7      | Reached XP level 9. HP: 47/57 MP: 10/12
 10063 | D:7      | Noticed Pikel
 10074 | D:7      | Found Avirph's Armour Shop.
 10083 | D:7      | Killed Pikel
 10282 | D:7      | Reached *** piety under Okawaru
 10574 | D:7      | Found a staircase to the Ecumenical Temple.
 10788 | D:8      | Noticed a troll
 10978 | D:8      | Killed a troll
 10979 | D:8      | Reached skill level 10 in Short Blades
 11096 | D:8      | Noticed Gastronok
 11210 | D:8      | Noticed a cyclops
 11222 | D:8      | Reached skill level 1 in Fighting
 11257 | D:8      | Gained mutation: A demonic guardian rushes to your aid.
                  | [demonic ancestry]
 11257 | D:8      | Reached XP level 10. HP: 36/68 MP: 4/13
 11492 | D:8      | Noticed a centaur warrior
 11493 | D:8      | Noticed a purple ugly thing
 11495 | D:8      | Noticed a two-headed ogre
 11673 | D:8      | Noticed a two-headed ogre
 11693 | D:8      | Killed a two-headed ogre
 11935 | D:8      | Noticed Psyche
 11943 | D:8      | Killed Psyche
 11943 | D:8      | Reached **** piety under Okawaru
 11944 | D:8      | Reached skill level 5 in Fighting
 11995 | D:8      | Noticed Prince Ribbit
 12010 | D:8      | Killed Prince Ribbit
 12133 | D:8      | Noticed a gargoyle
 12267 | D:8      | Noticed a goliath frog
 12277 | D:8      | Killed a goliath frog
 12278 | D:8      | Reached skill level 5 in Dodging
 12278 | D:8      | Reached skill level 1 in Evocations
 12280 | D:8      | Killed a gargoyle
 12302 | D:8      | Killed a two-headed ogre
 12302 | D:8      | Reached ***** piety under Okawaru
 12303 | D:8      | Reached skill level 5 in Evocations
 12842 | D:8      | Noticed a five-headed hydra
 12846 | D:8      | Noticed a manticore
 12889 | D:9      | Noticed Erica
 12890 | D:9      | Noticed a two-headed ogre
 12899 | D:9      | Killed a two-headed ogre
 12900 | D:9      | Reached XP level 11. HP: 79/79 MP: 8/15
 12904 | D:9      | Killed Erica
 12905 | D:9      | Reached skill level 6 in Invocations
 13058 | D:9      | Paralysed by a hornet for 2 turns
 13884 | D:10     | Entered Level 10 of the Dungeon
 13989 | D:10     | Reached skill level 7 in Invocations
 14551 | D:10     | Found a staircase to the Orcish Mines.
 14882 | D:10     | Found an ancient bone altar of Kikubaaqudgha.
 14911 | D:10     | Reached skill level 8 in Invocations
 15098 | D:10     | Noticed an orc knight
 15105 | D:10     | Killed an orc knight
 15372 | D:10     | Found an ornate altar of the Wu Jian Council.
 15850 | D:11     | Reached skill level 9 in Invocations
 16006 | D:11     | Noticed a boulder beetle
 16031 | D:11     | Killed a boulder beetle
 16101 | D:11     | Found a staircase to the Lair.
 16214 | D:11     | Found Ekoasev's Demolitions Depot.
 16223 | D:11     | Bought a lightning rod (4/4) for 390 gold pieces
 16223 | D:11     | Bought a wand of mindburst (3) for 54 gold pieces
 16254 | D:11     | Received a gift from Okawaru
 16546 | D:11     | Reached skill level 10 in Invocations
 17184 | Lair:1   | Entered Level 1 of the Lair of Beasts
 17322 | Lair:1   | Gained mutation: You have an unusually large brain. (Int
                  | +2) [demonic ancestry]
 17322 | Lair:1   | Reached XP level 12. HP: 79/86 MP: 13/19
 17497 | Lair:1   | Reached ****** piety under Okawaru
 17900 | Lair:1   | Identified the -1 pair of gloves "Loynurph" {Harm +Blink}
 18826 | D:4      | Bought a book of Spatial Translocations for 364 gold pieces
 18829 | D:4      | Learned a level 2 spell: Blink
 19087 | Lair:2   | Received a gift from Okawaru
 19114 | Lair:2   | Reached skill level 1 in Translocations
 19163 | Lair:2   | Reached skill level 1 in Shields
 20165 | Lair:3   | Noticed a catoblepas
 20176 | Lair:3   | Killed a catoblepas
 20177 | Lair:3   | Reached skill level 11 in Invocations
 20214 | Lair:3   | Noticed a six-headed hydra
 20228 | Lair:3   | Killed a two-headed hydra
 20253 | Lair:3   | Found a staircase to the Snake Pit.
 20415 | Lair:3   | Found a staircase to the Shoals.
 20506 | Lair:3   | Reached skill level 12 in Invocations
 20700 | Lair:3   | Noticed an eight-headed hydra
 20711 | Lair:3   | Killed a four-headed hydra
 20712 | Lair:3   | Gained mutation: You have an extremely huge brain. (Int +4)
                  | [demonic ancestry]
 20712 | Lair:3   | Reached XP level 13. HP: 87/91 MP: 16/22
 20784 | Lair:3   | Found a corrupted altar of Lugonu.
 20784 | Lair:3   | Found a one-way gate to the infinite horrors of the Abyss.
 21132 | Lair:4   | Noticed Nessos
 21331 | Lair:4   | Reached skill level 5 in Translocations
 21531 | Lair:4   | Killed Nessos
 21531 | Lair:4   | Received a gift from Okawaru
 21532 | Lair:4   | Reached skill level 13 in Invocations
 21977 | Lair:4   | Noticed Josephine
 22370 | Lair:4   | Killed Josephine
 22371 | Lair:4   | Reached skill level 14 in Invocations
 22906 | Lair:4   | Identified the +4 spear of Ythujac {antimagic, rPois rN+}
                  | (Okawaru gifted it to you on level 4 of the Lair of Beasts)
 22906 | Lair:4   | Received a gift from Okawaru
 23399 | Lair:4   | Reached skill level 15 in Invocations
 23481 | Lair:5   | Entered Level 5 of the Lair of Beasts
 23492 | Lair:5   | Learned a level 3 spell: Lesser Beckoning
 23999 | Lair:5   | Found a staircase to the Slime Pits.
 24009 | Lair:5   | Found a viscous altar of Jiyva.
 24176 | Lair:5   | Reached skill level 5 in Stealth
 24180 | Lair:5   | Identified the +0 plate armour "Ocaycko" {Rampage rC+
                  | Stlth+} (Okawaru gifted it to you on level 5 of the Lair of
                  | Beasts)
 24180 | Lair:5   | Received a gift from Okawaru
 24854 | Lair:5   | Got Tonid's Octavo of the Excursion and Transformation
 25098 | Lair:5   | Reached skill level 5 in Spellcasting
 25110 | Lair:5   | Gained mutation: A powerful demonic guardian rushes to your
                  | aid. [demonic ancestry]
 25110 | Lair:5   | Reached XP level 14. HP: 80/98 MP: 25/25
 25168 | Lair:5   | Found a corrupted altar of Lugonu.
 26120 | D:8      | Identified the +0 crystal plate armour of Duck's Teeth {rF-
                  | rC+ Slay+5} (Okawaru gifted it to you on level 8 of the
                  | Dungeon)
 26120 | D:8      | Received a gift from Okawaru
 26196 | D:8      | Killed Gastronok
 26489 | D:10     | Learned a level 4 spell: Hailstorm
 26570 | D:12     | Noticed Jorgrun
 26582 | D:12     | Killed Jorgrun
 26583 | D:12     | Reached skill level 1 in Armour
 26583 | D:12     | Reached skill level 1 in Conjurations
 26784 | D:12     | Found a frozen archway.
 26803 | IceCv    | Entered an ice cave
 27214 | IceCv    | Mangled by a dire elephant simulacrum

Illustrated notes

Levels and vault maps discovered:
D:1:      wander_arrival_chamber, layout_basic
D:2:      layout_loops_cross
D:3:      layout_basic, kennysheep_okawaru_gauntlet, biasface_ghost_orc_armoury,
          uniq_crazy_yiuf_cottage
D:4:      layout_basic, xom_redecorated, kennysheep_slug_shrine,
          nicolae_tso_besieged_by_evil, serial_shops, shop, nicolae_shop_gadgets
D:5:      layout_rooms, uniq_menkaure, uniq_ijyb
D:6:      minmay_chambers_of_fours, layout_basic, trog_three_pillars_becter,
          nicolae_overflow_crystal_walls, uniq_sigmund
D:7:      layout_basic, temple_fountains, serial_shops, nicolae_shop_stone,
          minivault_26, st_stairs_10, uniq_pikel
D:8:      hangedman_cross_veins, layout_basic, uniq_psyche, uniq_prince_ribbit1,
          uniq_gastronok
D:9:      layout_loops_cross, uniq_erica
D:10:     cheibrodos_orc_bank, layout_basic, mainiacjoe_overflow_alcove_4,
          nicolae_wu_jian_wuxing_cycle, minmay_orc_entry_guard_dogs
D:11:     layout_cave_pods, lair_entry_dummy, nicolae_blasting_shop
D:12:     layout_roguey, portal_ice_cave_entry_pillars_2, uniq_jorgrun
Lair:1:   layout_roguey, nicolae_lair_grazing_beasts
          [nicolae_sub_lair_graze_edge, nicolae_sub_lair_graze_edge,
          nicolae_sub_lair_graze_edge, nicolae_sub_lair_graze_edge],
          infiniplex_staircase_pool_2, grunt_megastairs_2
Lair:2:   layout_cave_pods, serial_bayou_shore_b, serial_bayou_shore_b,
          grunt_megastairs_3
Lair:3:   layout_regular_city, elwin_shoals_entry_rocks,
          minmay_snake_entry_spellcaster, chequers_serial_rivers_micro_d,
          serial_bayou_pond_c, serial_bayou_ford_a,
          amcnicky_altar_lugonu_corruption
Lair:4:   layout_cave_pods, uniq_nessos, uniq_josephine
Lair:5:   hellmonk_lair_end_abyssal_woods, layout_gridlike,
          minmay_slime_entry_pillars, grunt_forest_large_clearing_hut
IceCv:    ice_cave_tombish

Skill      XL: |  1  2  3  4  5  6  7  8  9 10 11 12 13 14 |
---------------+-------------------------------------------+-----
Stealth        | 2 5 |  5.0
Dodging        | 2 5 |  5.0
Ice Magic      | 4 5 6 7 8 |  8.0
Invocations    | 5 10 12 15 | 15.0
Short Blades   | 3 6 10 12 13 | 13.5
Fighting       | 2 5 |  5.0
Evocations     | 5 |  5.0
Translocations | 4 6 8 |  8.3
Shields        | 4 |  4.0
Spellcasting   | 5 6 |  6.8
Armour         | 2 |  2.1
Conjurations   | 2 |  2.1

Action                   |  1- 3 |  4- 6 |  7- 9 | 10-12 | 13-15 || total
-------------------------+-------+-------+-------+-------+-------++-------
Melee: Dagger            |    16 |    76 |    15 |       |       ||   107
       Kick              |     3 |       |    26 |   176 |   345 ||   550
       Punch             |       |     2 |     2 |     8 |       ||    12
       Rapier            |       |       |    82 |   456 |   660 ||  1198
       Scimitar          |       |       |       |    12 |    44 ||    56
Throw: Dart              |       |     4 |     6 |       |       ||    10
       Boomerang         |       |       |       |     2 |       ||     2
       Throwing net      |       |       |       |       |     1 ||     1
 Cast: Freeze            |    46 |    62 |    50 |    20 |     6 ||   184
       Frozen Ramparts   |       |     4 |    10 |    41 |     6 ||    61
       Ozocubu's Armour  |       |       |     1 |     2 |     3 ||     6
Invok: Heroism           |       |       |     1 |     8 |    14 ||    23
       Finesse           |       |       |       |     3 |     7 ||    10
Evoke: Wand              |     1 |     3 |     4 |    34 |     5 ||    47
       Lightning rod     |       |       |       |     2 |     1 ||     3
  Use: Scroll            |     4 |     8 |    12 |    11 |     8 ||    43
       Potion            |       |       |       |     2 |     1 ||     3
 Stab: Sleeping          |     1 |     6 |     4 |    12 |    10 ||    33
       Paralysed         |       |    20 |    22 |    19 |     3 ||    64
       Distracted        |       |       |       |     1 |     8 ||     9
       Invisible         |       |       |       |       |     1 ||     1
Armor: Robe              |    13 |    29 |    18 |    81 |   141 ||   282
Dodge: Dodged            |    36 |    42 |    48 |   238 |   228 ||   592
Block: Buckler           |       |       |       |    19 |   143 ||   162

Table legend: (Time is in decaauts)
 A = Elapsed time spent in this place.
 B = Non-inter-level travel time spent in this place.
 C = Inter-level travel time spent in this place.
 D = Time resting spent in this place.
 E = Time spent auto-exploring this place.
 F = Levels seen in this place.
 G = Mean time per level.
                   A        B        C        D        E       F      G
               +--------+--------+--------+--------+--------+-----+--------+
         Total |  26780 |  25496 |   1284 |   9836 |   8941 |  18 | 1487.8 |
       Dungeon |  18543 |  17484 |   1059 |   7194 |   5854 |  12 | 1545.2 |
          Lair |   7840 |   7615 |    225 |   2359 |   3086 |   5 | 1568.0 |
      Ice Cave |    396 |    396 |      0 |    283 |      0 |   1 |  396.0 |
               +--------+--------+--------+--------+--------+-----+--------+

Top non-repeatable levels by time:
     D:3: 2329 daAuts
     D:6: 2307 daAuts
    D:10: 2189 daAuts
  Lair:5: 2077 daAuts
     D:8: 1883 daAuts
     D:4: 1774 daAuts
  Lair:4: 1732 daAuts
     D:7: 1667 daAuts
  Lair:3: 1483 daAuts
  Lair:1: 1464 daAuts
    D:11: 1421 daAuts
     D:2: 1321 daAuts
     D:9: 1155 daAuts
     D:1: 1142 daAuts
     D:5: 1098 daAuts
